Map: Divergence LE

Players

NaiJi - Winner!

  • Race: Protoss Protoss
  • League: Diamond
  • Spawn Location: 11:00

Maverick - Winner!

  • Race: Protoss Protoss
  • League: Silver
  • Spawn Location: 11:00

Massa

  • Race: Terran Terran
  • League: Gold
  • Spawn Location: 5:00

qqq

  • Race: Zerg Zerg
  • League: Platinum
  • Spawn Location: 5:00

VOD

Have the link to the VOD?

Description

Time

  • Played on: June 5, 2020, 12:03 p.m.
  • Length: 5:27
Show
View Real Time Build Order
Export as new Build Order

NaiJi Protoss - Winner!

Build Orders:  

Get SALT Encoding   

  12  0:01  Probe  
  13  0:13  Probe  
  14  0:17  Pylon  
  14  0:25  Probe  
  15  0:37  Gateway  
  15  0:40  Assimilator  
  15  0:43  Probe  
  16  0:56  Probe  
  17  1:12  Gateway  
  17  1:13  Probe  
  18  1:25  Probe  
  19  1:33  Cybernetics Core  
  19  1:37  Probe  
  20  1:49  Probe  
  21  2:01  Probe  
  22  2:10  Warp Gate  
  22  2:11  Pylon  
  22  2:17  Pylon  
  22  2:19  Probe  
  23  2:29  Adept x2  
  27  2:31  Probe  
  28  2:38  Pylon  
  28  2:43  Probe  
  29  2:57  Probe  
  30  3:01  Pylon  
  30  3:03  Adept (Chrono Boost)  
  30  3:04  Adept (Chrono Boost)  
  34  3:11  Probe  
  35  3:23  Probe  
  35  3:24  Stargate  
  36  3:35  Probe  
  36  3:39  Nexus  
  35  4:06  Stalker x2  
  35  4:08  Probe  
  40  4:20  Probe, Gateway  
  40  4:21  Gateway  
  41  4:25  Pylon  
  39  4:54  Stalker x2  
  41  5:07  Probe x2  
  41  5:10  Pylon  
  41  5:19  Stalker x3  
Show
View Real Time Build Order
Export as new Build Order

Maverick Protoss - Winner!

Build Orders:  

Get SALT Encoding   

  12  0:02  Probe  
  13  0:18  Pylon  
  13  0:31  Probe  
  14  0:38  Gateway  
  14  0:43  Probe  
  15  0:52  Assimilator  
  15  1:25  Zealot (Chrono Boost)  
  17  1:34  Cybernetics Core  
  17  1:39  Gateway  
  17  1:43  Zealot  
  19  2:10  Zealot  
  21  2:29  Assimilator  
  21  2:35  Pylon  
  21  2:37  Zealot  
  23  3:50  Stalker x2  
  27  3:58  Twilight Council  
  27  3:59  Pylon  
  27  4:27  Stalker x2  
Show
View Real Time Build Order
Export as new Build Order

Massa Terran 

Build Orders:  

Get SALT Encoding   

  12  0:03  SCV  
  13  0:15  SCV  
  14  0:26  Supply Depot  
  14  0:27  SCV  
  15  0:47  SCV  
  16  1:10  Supply Depot  
  16  1:18  Barracks  
  16  1:22  Supply Depot  
  16  1:27  SCV  
  17  1:39  SCV  
  16  1:51  SCV  
  17  1:57  Barracks  
  17  2:02  Refinery  
  17  2:04  Supply Depot  
  17  2:11  Barracks  
  17  2:20  Barracks  
  17  2:27  Barracks  
  17  2:28  SCV  
  18  2:40  SCV  
  19  2:50  Marine  
  20  2:52  SCV  
  21  3:02  Marine  
  21  3:04  SCV  
  23  3:08  Marine  
  23  3:11  Supply Depot  
  24  3:19  SCV  
  25  3:20  Marine  
  25  3:25  Marine  
  27  3:31  SCV  
  27  3:33  Marine x2  
  30  3:38  Marine  
  31  4:06  Marine x4  
  35  4:16  Factory  
  35  4:19  Refinery  
  35  4:23  Marine x2  
  35  4:24  Marine x2  
  37  4:27  Supply Depot  
  37  4:41  Marine x2  
  39  4:48  Marine x2  
  41  4:59  Marine x2  
  43  5:00  Bunker  
  32  5:25  Factory Tech Lab  
Show
View Real Time Build Order
Export as new Build Order

qqq Zerg 

Build Orders: Hatch First 

Get SALT Encoding   

  12  0:08  Drone  
  13  0:24  Drone  
  14  1:20  Hatchery  
  13  1:28  Spawning Pool  
  12  1:41  Overlord  
  12  1:42  Extractor, Drone x2  
  13  2:06  Extractor  
  12  2:18  Zergling x6  
  15  2:30  Zergling x2  
  15  2:32  Queen  
  15  2:33  Drone  
  19  2:42  Zergling x2  
  20  2:45  Drone  
  20  2:48  Spine Crawler  
  20  2:57  Spine Crawler  
  20  3:02  Spine Crawler  
  19  3:06  Drone  
  19  3:07  Zergling x2  
  21  3:17  Zergling x2  
  22  3:28  Hatchery  
  15  3:44  Zergling x6  
  15  3:46  Metabolic Boost  
  16  4:08  Lair  
  16  4:16  Zergling x2  
  16  4:17  Zergling x2  
  18  4:19  Hatchery  
  17  4:26  Overlord  
  17  4:34  Drone  
  18  4:48  Drone  
  18  5:05  Zergling x4  
Tags
 
Add a new tag
Caveats
  • Supply blocks, unpowered buildings, or Contaminate may cause inaccurate times.
  • Supply counts are checked every 10 seconds.